Map: Disco Bloodbath LE

Players

Ratl - Winner!

  • Race: Protoss Protoss
  • Spawn Location: 3:00

VOD

Have the link to the VOD?

Description

Time

  • Played on: Nov. 12, 2019, 3:54 p.m.
  • Length: 22:20
Show
View Real Time Build Order
Export as new Build Order

Ratl Protoss - Winner!

Build Orders:  

Get SALT Encoding   

  12  0:02  Probe (Chrono Boost)  
  13  0:14  Probe (Chrono Boost)  
  14  0:42  Probe (Chrono Boost)  
  14  0:46  Pylon  
  15  1:01  Assimilator  
  15  1:14  Probe (Chrono Boost)  
  16  1:22  Pylon  
  16  1:28  Pylon  
  16  1:35  Gateway  
  16  1:41  Probe (Chrono Boost)  
  16  1:48  Assimilator  
  17  1:52  Probe (Chrono Boost)  
  18  2:04  Probe (Chrono Boost)  
  19  2:19  Probe (Chrono Boost)  
  20  2:32  Nexus  
  21  2:41  Probe (Chrono Boost)  
  21  2:58  Probe (Chrono Boost)  
  21  2:59  Pylon  
  22  3:09  Forge  
  22  3:15  Probe (Chrono Boost)  
  23  3:22  Zealot  
  25  3:42  Cybernetics Core  
  25  4:00  Zealot  
  27  4:29  Probe  
  27  4:32  Protoss Ground Weapons Level 1 (Chrono Boost)  
  27  4:38  Zealot  
  30  4:40  Probe  
  31  4:53  Probe (Chrono Boost)  
  32  5:06  Probe (Chrono Boost)  
  33  5:14  Twilight Council  
  33  5:18  Probe (Chrono Boost)  
  33  5:19  Stargate  
  33  5:22  Pylon  
  33  5:28  Robotics Facility  
  34  5:34  Probe (Chrono Boost)  
  35  5:43  Pylon  
  35  5:47  Pylon  
  35  6:00  Nexus  
  35  6:23  Templar Archives  
  35  6:33  Photon Cannon  
  35  6:36  Photon Cannon  
  35  6:39  Photon Cannon  
  35  6:43  Shield Battery  
  35  6:44  Shield Battery  
  35  6:46  Probe (Chrono Boost)  
  35  6:47  Shield Battery  
  36  6:53  Assimilator  
  36  6:58  Probe (Chrono Boost)  
  36  7:05  Stalker  
  39  7:11  Probe (Chrono Boost)  
  40  7:28  Probe (Chrono Boost)  
  41  7:43  Probe (Chrono Boost)  
  41  7:47  Stalker  
  41  7:48  Protoss Shields Level 1 (Chrono Boost)  
  44  8:17  Probe  
  45  8:28  Assimilator  
  45  8:29  Stalker  
  47  8:32  Warp Gate  
  47  8:34  Probe  
  48  8:48  Robotics Bay  
  48  8:51  Probe  
  49  9:08  Probe  
  50  9:11  Stalker  
  50  9:16  Warp Prism  
  54  9:25  Probe  
  55  9:40  Nexus  
  55  9:43  Assimilator  
  55  9:50  Assimilator  
  55  9:53  Stalker  
  55  9:54  Phoenix  
  59  10:03  Probe (Chrono Boost)  
  59  10:09  Protoss Air Weapons Level 1  
  60  10:15  Probe (Chrono Boost)  
  61  10:29  Probe (Chrono Boost)  
  62  10:46  Probe (Chrono Boost)  
  63  11:03  Probe (Chrono Boost)  
  67  11:10  Oracle  
  67  11:19  Gravitic Drive  
  67  11:44  Gateway  
  67  11:47  Gateway  
  67  11:48  Gateway  
  67  11:51  Gateway  
  67  11:55  Gateway  
  67  12:01  Gateway  
  67  12:02  Gateway x2, Oracle  
  67  12:05  Gateway  
  67  12:08  Gateway  
  70  12:10  Gateway  
  70  12:12  Gateway  
  70  12:14  Probe (Chrono Boost)  
  70  12:15  Gateway  
  71  12:26  Probe (Chrono Boost)  
  71  12:28  Pylon  
  72  12:32  Pylon  
  72  12:38  Probe (Chrono Boost), Pylon  
  73  12:54  Probe, Oracle, Stalker  
  79  13:11  Probe  
  79  13:14  Protoss Ground Armor Level 1 (Chrono Boost)  
  80  13:27  Observer  
  80  13:28  Probe  
  82  13:56  Protoss Air Armor Level 1  
  82  13:57  Immortal  
  82  13:59  Gravitic Boosters  
  86  14:39  Stalker  
  88  14:40  Stalker  
  88  14:41  Stalker x3  
  96  14:52  Immortal  
  96  14:54  Stalker  
  96  14:55  Stalker  
  96  14:56  Stalker x4  
  96  14:57  Stalker  
  100  15:25  Adept  
  100  15:27  Adept x2  
  102  15:30  Adept  
  102  15:33  Adept  
  102  15:34  Adept x4  
  114  15:47  Immortal  
  110  16:23  Protoss Ground Weapons Level 2 (Chrono Boost)  
  110  16:33  High Templar  
  110  16:34  High Templar x3  
  110  16:42  Immortal  
  110  16:48  High Templar  
  110  16:49  High Templar x3  
  122  16:55  High Templar x2  
  122  16:56  High Templar x3  
  124  18:18  Archon  
  124  18:19  Archon  
  124  18:46  Pylon x2  
  124  19:05  Pylon  
  124  19:11  Pylon  
  124  19:17  Pylon  
  124  19:18  Adept  
  124  19:19  Adept x3, Nexus  
  132  19:20  Adept x3, Assimilator  
  132  19:21  Adept  
  132  19:22  Assimilator  
  140  19:32  High Templar  
  140  19:33  High Templar  
  140  19:34  High Templar  
  138  20:24  Stalker  
  138  20:25  Stalker x2  
  138  20:26  Stalker x4  
  138  20:27  Stalker x4  
  160  20:33  Stalker x2  
  159  21:58  Probe (Chrono Boost)  
Tags
 
Add a new tag
Caveats
  • Supply blocks, unpowered buildings, or Contaminate may cause inaccurate times.
  • Supply counts are checked every 10 seconds.